 Dungeon Crawl Stone Soup version 0.30-a0-719-gcc4359ea44 (webtiles) character file.

Game seed: 16251829885849967572

5231 Chiseanne the Destroyer (level 10, -9/63 HPs)
             Began as a Demonspawn Hedge Wizard on Jan 26, 2023.
             Was an Initiate of Gozag.
             Mangled by a warg (14 damage)
             ... on level 7 of the Dungeon.
             The game lasted 00:27:55 (11877 turns).

Chiseanne the Destroyer (Demonspawn Hedge Wizard)  Turns: 11877, Time: 00:27:56

Health: -9/63      AC:  5    Str: 11    XL:     10   Next: 35%
Magic:  1/24       EV: 12    Int: 19    God:    Gozag
Gold:   601        SH:  0    Dex: 19    Spells: 15/29 levels left

rFire   . . .      SeeInvis .    a - +1 dagger (venom)
rCold   . . .      Faith    .    (no shield)
rNeg    . . .      Spirit   .    x - +0 robe {Archmagi}
rPois   +          Reflect  .    o - +1 helmet
rElec   .          Harm     .    (no cloak)
rCorr   .          Rampage  .    (no gloves)
Will    .....      Archmagi +    r - +0 pair of boots
Stlth   +++++                    (no amulet)
HPRegen 0.30/turn                l - ring of wizardry
MPRegen 0.19/turn                f - ring of poison resistance

@: no status effects
A: thin skeletal structure 3, foul stench 1
a: Renounce Religion, Potion Petition, Call Merchant, Bribe Branch


You were on level 7 of the Dungeon.
You worshipped Gozag.
Gozag was pleased with you.
You visited 1 branch of the dungeon, and saw 8 of its levels.

You collected 847 gold pieces.
You spent 122 gold pieces at shops.
You paid 124 gold pieces to Gozag.

Inventory:

Hand Weapons
 a - a +1 dagger of venom (weapon)
 b - a +3 dagger
 s - a +1 mace of protection
Missiles
 c - 5 boomerangs
 e - 57 stones
 j - 4 poisoned darts
 m - a throwing net (quivered)
Armour
 o - a +1 helmet (worn)
 r - a +0 pair of boots (worn)
 x - a +0 robe of the Archmagi (worn)
 y - a +0 kite shield of protection
Jewellery
 f - a ring of poison resistance (right hand)
 g - a ring of positive energy
 l - a ring of wizardry (left hand)
 u - a ring of see invisible
Wands
 z - a wand of flame (10)
Scrolls
 p - 3 scrolls of identify
 q - a scroll of silence
 v - a scroll of teleportation
Potions
 d - a potion of magic
 h - 2 potions of curing
 i - 3 potions of brilliance
 k - 2 potions of mutation
 n - a potion of cancellation
 w - a potion of lignification


   Skills:
 - Level 1.7 Dodging
 - Level 1.7 Stealth
 * Level 2.1 Shields
 * Level 10.0 Spellcasting
 - Level 10.0 Conjurations
 - Level 1.0 Summonings
 - Level 0.8 Translocations
 * Level 4.5 Fire Magic


You had 15 spell levels left.
You knew the following spells:

 Your Spells              Type           Power      Damage    Failure   Level
a - Magic Dart            Conj           100%       1d8       1%          1
b - Sticky Flame          Conj/Fire      54%        2d7       1%          4
c - Flame Wave            Conj/Fire      54%        2d13      1%          4
d - Mephitic Cloud        Conj/Pois/Air  33%        N/A       2%          3
j - Blink                 Tloc           38%        N/A       3%          2

Your spell library contained the following spells:

 Spells                   Type           Power      Damage    Failure   Level
 Beastly Appendage        Tmut           28%        N/A       3%          1
 Slow                     Hex            56%        N/A       3%          1
 Call Imp                 Summ           19%        N/A       3%          2
 Inner Flame              Hex/Fire       27%        N/A       3%          3
 Cigotuvi's Dreadful Rot  Necr/Pois/Air  28%        N/A       4%          2
 Sublimation of Blood     Necr           14%        N/A       4%          2
 Wereblood                Tmut           14%        N/A       4%          2
 Spider Form              Tmut/Pois      14%        N/A       9%          3
 Summon Lightning Spire   Summ/Air       17%        N/A       24%         4
 Storm Form               Tmut/Air       7%         N/A       100%        7
 Summon Hydra             Summ           9%         N/A       100%        7
 Maxwell's Capacitive Co  Air            7%         ∞         100%        8


Dungeon Overview and Level Annotations

Branches:
Dungeon (8/15)             Temple (0/1) D:7
   Lair: D:8-11

Altars:
Dithmenos
Gozag
Hepliaklqana
Kikubaaqudgha
Makhleb
Nemelex Xobeh
Sif Muna
Trog
Xom

Shops:
D:1 (   D:3 *(

Annotations:
D:3 exclusion: ice beast
D:4 2 transporters, Alitron123's ghost, amateur GrBe


Innate Abilities, Weirdness & Mutations

You have an unnaturally thin skeletal structure. (Dex +6, Stealth+++)
You may rarely emit foul miasma when damaged in melee.


Message History

Unknown command.
Casting: Sticky Flame (dangerous; 1% risk of failure)
Confirm with . or Enter, or press ? or * to list all spells.
Aiming: Sticky Flame (dangerous; 1% risk of failure)
Press: ? - help, Shift-Dir - straight line, f/p - orc warrior
Aim: an orc warrior, wielding a +0 scimitar and wearing a +0 plate armour (severely wounded, confused)
You feel a surge of power!
The sticky flame hits the orc warrior.
The orc warrior is severely wounded.
The orc warrior is covered in liquid flames!
The warg is no longer distracted by gold.
The orc warrior burns!
The orc warrior hits itself with a +0 scimitar.
The orc warrior burns!
You kill the orc warrior!
The orc wizard hits the warg but does no damage.
Your Spellcasting skill increases to level 10!
The warg bites you! The warg bites you!
The orc wizard closely misses the warg.
The warg bites you!
* * * LOW HITPOINT WARNING * * *
You emit a cloud of foul miasma!
The warg attacks as you move away! The warg misses you.
The warg is engulfed in dark miasma.
The warg is poisoned.
There is a stone staircase leading up here.
The warg is distracted by your dazzling golden aura.
You climb upwards.
There is a stone staircase leading down here.
Casting: Sticky Flame (dangerous; 1% risk of failure)
Confirm with . or Enter, or press ? or * to list all spells.
Aiming: Sticky Flame (dangerous; 1% risk of failure)
Press: ? - help, Shift-Dir - straight line, f - warg
Aim: a warg (lightly wounded, unaware, poisoned, hasn't noticed you)
You feel a surge of power!
The sticky flame hits the warg!
The warg is moderately wounded.
The warg is no longer distracted by gold.
The warg is covered in liquid flames!
The warg burns!
The warg closely misses you. The warg bites you!
* * * LOW HITPOINT WARNING * * *
The warg burns!
The warg bites you!
You die...
Your body crumbles into a pile of gold.

######..## #.# #.# # ##...##..#
###'#######.#########
'......#.####...[.....#.##.......
##...#.#...##.........#.##.######
##...#.###............#.##.#
##...#................'.##.#
#...########.........####.#
###############.......# #.#
...............h@###### #.#
################## #.# #.# #.#
#.# #.# #.# #.# #.#


You could see a warg (burning, poisoned).

Vanquished Creatures
  A two-headed ogre (D:8)
  Pikel (D:5)
  A hornet (D:7)
  5 yaks (D:8)
  A wyvern (D:5)
  A steam dragon (D:7)
  A water moccasin (D:6)
  An ice beast (D:6)
  2 orc warriors (D:8)
  A black bear (D:5)
  2 ogres (D:5)
  2 centaurs (D:7)
  4 lemures (D:4)
  2 phantoms
  A bullfrog (D:7)
  4 necrophages
  2 scorpions
  A gnoll sergeant (D:8)
  8 wights
  5 killer bees (D:8)
  2 howler monkeys (D:5)
  2 jellies (D:5)
  4 hounds
  2 gnoll boudas
  2 orc priests (D:5)
  3 iguanas
  Jessica (D:2)
  3 orc wizards
  Robin (D:2)
  14 gnolls
  11 adders
  3 shadow imps
  3 ufetubi (D:5)
  2 worms (D:2)
  11 dart slugs
  31 orcs
  2 bats
  3 endoplasms
  2 giant cockroaches (D:1)
  11 goblins
  5 hobgoblins
  5 jackals
  2 kobolds
  4 quokkas
  4 ball pythons
  2 frilled lizards
  2 rats (D:2)
183 creatures vanquished.

Vanquished Creatures (others)
  20 plants
20 creatures vanquished.

Grand Total: 203 creatures vanquished

Notes
Turn   | Place    | Note
-------+----------+-------------------------------------------
     0 | D:1      | Chiseanne the Demonspawn Hedge Wizard began the quest for
                  | the Orb.
     0 | D:1      | Reached XP level 1. HP: 13/13 MP: 4/4
     2 | D:1      | Noticed a gargoyle
     2 | D:1      | Noticed a merfolk
     4 | D:1      | Noticed a ghoul
     4 | D:1      | Noticed a demonspawn
     7 | D:1      | Noticed a formicid
     9 | D:1      | Noticed an octopode
     9 | D:1      | Noticed a vampire
    11 | D:1      | Noticed a naga
    11 | D:1      | Noticed a tengu
    13 | D:1      | Noticed an armataur
    13 | D:1      | Noticed a felid
    15 | D:1      | Noticed a minotaur
    15 | D:1      | Noticed a troll
    17 | D:1      | Noticed a human
    17 | D:1      | Noticed a vine stalker
    19 | D:1      | Noticed a spriggan
    19 | D:1      | Noticed a demigod
    21 | D:1      | Noticed an ogre
    23 | D:1      | Noticed a draconian
    25 | D:1      | Noticed a meteoran
    25 | D:1      | Noticed a meteoran
    27 | D:1      | Noticed an elf
   278 | D:1      | Found Ycer's Weapon Boutique.
   705 | D:1      | Gained mutation: You have a somewhat thin skeletal
                  | structure. (Dex +2, Stealth+) [demonic ancestry]
   705 | D:1      | Reached XP level 2. HP: 16/19 MP: 0/6
   761 | D:1      | Learned a level 2 spell: Blink
   942 | D:2      | Noticed Jessica
   948 | D:2      | Killed Jessica
   949 | D:2      | Gained mutation: You may rarely emit foul miasma when
                  | damaged in melee. [demonic ancestry]
   949 | D:2      | Reached XP level 3. HP: 20/24 MP: 5/8
  1002 | D:2      | Found a shimmering altar of Xom.
  1355 | D:2      | Gained mutation: You have a moderately thin skeletal
                  | structure. (Dex +4, Stealth++) [demonic ancestry]
  1355 | D:2      | Reached XP level 4. HP: 30/30 MP: 7/9
  1815 | D:2      | Noticed Robin
  1842 | D:2      | Killed Robin
  2713 | D:3      | Gained mutation: You have an unnaturally thin skeletal
                  | structure. (Dex +6, Stealth+++) [demonic ancestry]
  2713 | D:3      | Reached XP level 5. HP: 29/35 MP: 1/11
  2896 | D:3      | Found Kidwapui's Weapon Emporium.
  2904 | D:3      | Bought a +1 dagger of venom for 122 gold pieces
  2930 | D:3      | Noticed an ice beast
  2947 | D:3      | Noticed a phantom
  3060 | D:3      | Found Gozag's Platinum Reserve.
  3520 | D:3      | Learned a level 3 spell: Mephitic Cloud
  3802 | D:3      | Found an opulent altar of Gozag.
  3862 | D:3      | Killed a phantom
  4560 | D:4      | Reached skill level 5 in Spellcasting
  4560 | D:4      | Reached XP level 6. HP: 38/41 MP: 10/13
  4578 | D:4      | Found a shimmering blue altar of Sif Muna.
  4766 | D:4      | Found a transporter.
  4773 | D:4      | Found a transporter.
  5130 | D:4      | Reached skill level 5 in Conjurations
  5200 | D:4      | Noticed Alitron123's ghost (amateur GrBe)
  5233 | D:4      | Reached XP level 7. HP: 45/46 MP: 11/15
  5358 | D:5      | Entered Level 5 of the Dungeon
  5935 | D:5      | Noticed Pikel
  6278 | D:5      | Killed Pikel
  6279 | D:5      | Reached XP level 8. HP: 48/52 MP: 14/18
  7612 | D:5      | Reached XP level 9. HP: 53/57 MP: 12/21
  7959 | D:3      | Became a worshipper of Gozag Ym Sagoz the Greedy
  8141 | D:6      | Chiseanne: and _always_ the same fucking books in the
                  | beginning
  8141 | D:6      | Chiseanne: great devs lol
  8341 | D:6      | Found a sparkling altar of Nemelex Xobeh.
  9076 | D:6      | Found a bloodstained altar of Trog.
  9076 | D:6      | Found a shadowy altar of Dithmenos.
  9084 | D:6      | Found a shimmering altar of Xom.
  9088 | D:6      | Found a hazy altar of Hepliaklqana.
  9090 | D:6      | Found a burning altar of Makhleb.
  9571 | D:7      | Found an ancient bone altar of Kikubaaqudgha.
  9690 | D:7      | Found a staircase to the Ecumenical Temple.
  9786 | D:7      | Learned a level 4 spell: Sticky Flame
  9791 | D:7      | Learned a level 4 spell: Flame Wave
  9903 | D:7      | Reached skill level 1 in Fire Magic
 11115 | D:8      | Reached XP level 10. HP: 12/63 MP: 13/23
 11409 | D:8      | Reached skill level 10 in Conjurations
 11640 | D:8      | Noticed a two-headed ogre
 11861 | D:8      | Killed a two-headed ogre
 11871 | D:8      | Reached skill level 10 in Spellcasting
 11877 | D:7      | Mangled by a warg

Illustrated notes

Levels and vault maps discovered:
D:1:      kb_arrival_jail, layout_basic, serial_shops, shop,
          hangedman_decor_clover_reticule
D:2:      layout_rooms, basic_altar, uniq_robin, uniq_jessica
D:3:      kennysheep_slugbush, layout_loops_corners,
          nicolae_gozag_zags_fifth_avenue, serial_shops,
          nicolae_shop_bloodbath_and_beyond
D:4:      layout_cave_pools, nicolae_overflow_crystal_walls,
          gammafunk_ghost_gnarly_gnolls, guppyfry_early_lair_pool
D:5:      layout_basic, nicolae_elyvilon_temple_path, nzn_random_ring,
          uniq_pikel
D:6:      layout_loops_ring, nemelex_diamond_rough_becter,
          chequers_temple_overflow_minitemple, minivault_23
D:7:      layout_basic, kennysheep_mini, minmay_temple_entry_statues_fountains
D:8:      layout_loops_ring, erik_lair_orcish_takeover, minmay_starry_boxes

Skill      XL: |  1  2  3  4  5  6  7  8  9 10 |
---------------+-------------------------------+-----
Conjurations   | 2 3 4 5 7 8 9 10 | 10.0
Spellcasting   | 4 5 7 8 9 10 | 10.0
Fire Magic     | 3 4 |  4.5
Shields        | 2 |  2.1
Dodging        | |  1.7
Stealth        | |  1.7
Summonings     | |  1.0
Translocations | |  0.8

Action                     |  1- 3 |  4- 6 |  7- 9 | 10-12 || total
---------------------------+-------+-------+-------+-------++-------
  Melee: Dagger            |    12 |    48 |    71 |     3 ||   134
         Long sword        |    15 |    21 |       |       ||    36
         Punch             |       |     1 |     4 |       ||     5
         Mace              |       |       |    64 |       ||    64
  Throw: Dart              |       |     4 |       |       ||     4
         Boomerang         |       |     1 |       |       ||     1
         Throwing net      |       |       |     3 |     1 ||     4
   Cast: Magic Dart        |    55 |   168 |   256 |    14 ||   493
         Mephitic Cloud    |       |     4 |    21 |    10 ||    35
         Flame Wave        |       |       |     8 |     3 ||    11
         Sticky Flame      |       |       |     5 |     5 ||    10
    Use: Scroll            |     3 |     5 |     8 |     1 ||    17
         Potion            |       |     5 |     1 |       ||     6
   Stab: Sleeping          |     1 |       |       |       ||     1
         Invisible         |       |     2 |       |       ||     2
         Confused          |       |     2 |    11 |     1 ||    14
         Held in net/web   |       |       |     1 |       ||     1
 Armour: Robe              |     9 |    15 |    59 |       ||    83
  Dodge: Dodged            |    19 |    57 |   149 |    13 ||   238

Table legend: (Time is in decaauts)
 A = Elapsed time spent in this place.
 B = Non-inter-level travel time spent in this place.
 C = Inter-level travel time spent in this place.
 D = Time resting spent in this place.
 E = Time spent auto-exploring this place.
 F = Levels seen in this place.
 G = Mean time per level.
                   A        B        C        D        E       F      G
               +--------+--------+--------+--------+--------+-----+--------+
         Total |  11915 |  11465 |    450 |   4258 |   5237 |   8 | 1489.4 |
       Dungeon |  11915 |  11465 |    450 |   4258 |   5237 |   8 | 1489.4 |
               +--------+--------+--------+--------+--------+-----+--------+

Top non-repeatable levels by time:
     D:5: 2320 daAuts
     D:3: 2014 daAuts
     D:7: 1853 daAuts
     D:2: 1614 daAuts
     D:6: 1344 daAuts
     D:4: 1189 daAuts
     D:1: 947 daAuts
     D:8: 630 daAuts
